[Event "Team 45 45 League T25"]
[Site "Internet Chess Club"]
[Date "2005.01.19"]
[Round "6"]
[White "tgralex"]
[Black "swingdoc"]
[Result "1-0"]
[WhiteElo "1728"]
[BlackElo "1761"]
[TimeControl "2700+45"]

1. e4 d5 2. exd5 Nf6 3. Bb5+ Nbd7 4. Nc3 a6 5. Ba4 b5 6. Bb3 Nb6 7. Nf3 Nbxd5 8.
h3 e6 9. O-O Bd6 10. Re1 O-O 11. d4 Bb7 12. Bg5 Qd7 13. Ne5 Bxe5 14. dxe5 Nxc3
15. bxc3 Qc6 16. f3 Nd5 17. Bxd5 Qxd5 18. Qd4 c5 19. Qg4 Kh8 20. a4 Qc6 21. Re4
bxa4 22. Rexa4 Qd5 23. Re1 Bc6 24. Rf4 Qd2 25. Qg3 Qxc2 26. Be7 Rg8 27. Rxf7 Ra7
28. Qg5 Qxc3 29. Rd1 Be8 30. Rf8 Rxf8 31. Bxf8 Qa5 32. Rd8 h6 33. Bxg7+ Rxg7 34.
Qxh6+ Kg8 35. Rxe8+ Kf7 36. Qxe6# {Black checkmated} 1-0

[Event "Team 45 45 League T25"]
[Site "Internet Chess Club"]
[Date "2005.01.22"]
[Round "6"]
[White "allanchs"]
[Black "BenjaminSisko"]
[Result "0-1"]
[WhiteElo "1615"]
[BlackElo "1669"]
[TimeControl "2700+45"]

1. e4 e5 2. Nf3 Nc6 3. Bc4 Nf6 4. d3 Be7 5. O-O O-O 6. Nc3 d6 7. a3 Bg4 8. h3
Bh5 9. Be3 Nd4 10. Bxd4 exd4 11. Nd5 Nxd5 12. Bxd5 c6 13. Bb3 Bf6 14. g4 Bg6 15.
Nd2 d5 16. exd5 cxd5 17. f4 h5 18. Qf3 hxg4 19. hxg4 Rc8 20. Rac1 Re8 21. Bxd5
Re3 22. Qg2 Bh4 23. Nc4 Rg3 {White resigns} 0-1

[Event "Team 45 45 League T25"]
[Site "Internet Chess Club"]
[Date "2005.01.23"]
[Round "6"]
[White "Smart"]
[Black "PauloBarbosa"]
[Result "1-0"]
[WhiteElo "1530"]
[BlackElo "1582"]
[TimeControl "2700+45"]

1. Nf3 d5 2. g3 b6 3. Bg2 Bb7 4. O-O Nf6 5. d3 e6 6. Nbd2 Be7 7. Re1 O-O 8. e4
dxe4 9. Ng5 Nc6 10. Ngxe4 Nxe4 11. Nxe4 Rb8 12. h4 Nd4 13. c3 Nf5 14. Bf4 Nd6
15. Ng5 Bxg2 16. Kxg2 h6 17. Nf3 Bf6 18. Qa4 a5 19. Qc6 Rc8 20. Rad1 Nf5 21. d4
Ne7 22. Qc4 Nd5 23. Be5 c6 24. Qd3 b5 25. b3 Re8 26. a3 Bxe5 27. Nxe5 Rc7 28. c4
bxc4 29. bxc4 Nf6 30. c5 Qd5+ 31. Kg1 Rb8 32. Rb1 Rcb7 33. Rxb7 Rxb7 34. Qa6 Rb2
35. Qxc6 Qa2 36. Qa8+ Kh7 37. Rf1 Nd5 38. Nxf7 Re2 39. Qh8+ Kg6 40. Ne5+ Rxe5
41. dxe5 Qxa3 42. Qe8+ Kh7 43. c6 {Black resigns} 1-0

[Event "Team 45 45 League T25"]
[Site "Internet Chess Club"]
[Date "2005.01.24"]
[Round "6"]
[White "RingLord"]
[Black "fibin"]
[Result "1-0"]
[WhiteElo "1546"]
[BlackElo "1585"]
[TimeControl "2700+45"]

1. e4 e5 2. Nc3 Nf6 3. f4 d6 4. Nf3 Nc6 5. Bc4 exf4 6. d3 Be7 7. O-O O-O 8. Bxf4
h6 9. Nh4 g5 10. Ng6 Bg4 11. Qc1 Nd4 12. Nxe7+ Qxe7 13. Bxg5 hxg5 14. Qxg5+ Kh8
15. Rxf6 Qxf6 16. Qxf6+ Kh7 17. Qh4+ Kg7 18. Qxg4+ Kh8 19. Qh5+ Kg7 20. Qg5+ Kh7
21. Rf1 f5 22. Rf4 {Black resigns} 1-0

[Event "Team 45 45 League T25"]
[Site "Internet Chess Club"]
[Date "2005.01.20"]
[Round "6"]
[White "Rainbird"]
[Black "mickeys"]
[Result "1-0"]
[WhiteElo "1671"]
[BlackElo "1688"]
[TimeControl "2700+45"]

1. Nf3 f5 2. g3 g6 3. Bg2 Bg7 4. O-O Nf6 5. d4 O-O 6. b4 d6 7. Bb2 Bd7 8. c4 a5
9. b5 c6 10. a4 Qb6 11. e3 Be6 12. Qd3 cxb5 13. cxb5 Nbd7 14. Ng5 d5 15. Ba3
Rfe8 16. Nd2 Ne4 17. Nxe6 Qxe6 18. Nb3 b6 19. Rac1 Rac8 20. Nd2 Ndf6 21. Nf3 Nd7
22. Rc2 Rxc2 23. Qxc2 Nb8 24. Rc1 h6 25. Ne1 Kf7 26. Nd3 g5 27. Qc7 Nd2 28. Nb2
f4 29. gxf4 gxf4 30. Qxf4+ Kg8 31. Nd3 Nc4 32. Rc3 Rc8 33. Bxe7 Qxe7 34. Bxd5+
Kh8 35. Rxc4 Rf8 36. Rc7 Qa3 37. Rf7 Rd8 38. Rxg7 Kxg7 39. Qf7+ Kh8 40. Qf6+ Kh7
41. Qxd8 Qxd3 42. Qg8# {Black checkmated} 1-0

[Event "Team 45 45 League T25"]
[Site "Internet Chess Club"]
[Date "2005.01.24"]
[Round "6"]
[White "TheBrewer"]
[Black "jmc860"]
[Result "1-0"]
[WhiteElo "1614"]
[BlackElo "1627"]
[TimeControl "2700+45"]

1. d4 Nf6 2. Nf3 d5 3. e3 Nbd7 4. Bd3 g6 5. Nbd2 Bg7 6. c3 c5 7. O-O O-O 8. Re1
Qc7 9. e4 dxe4 10. Nxe4 Nxe4 11. Bxe4 Nf6 12. Bc2 b6 13. dxc5 Qxc5 14. Qe2 e6
15. Bf4 Bb7 16. Rad1 Rad8 17. h3 Rxd1 18. Rxd1 Nd5 19. Bg3 Bxc3 20. bxc3 Nxc3
21. Qd3 Nxd1 22. Qxd1 Bxf3 23. gxf3 Rc8 24. Bb3 Qc1 25. Qxc1 Rxc1+ 26. Kg2 Kf8
27. Bd6+ Ke8 28. Ba4+ Kd8 29. Bf4 Rc4 30. Bg5+ Kc7 31. Bb3 Rc5 32. Bf4+ Kc6 33.
Be3 Rc3 34. Bd4 Rd3 35. Be3 Kb5 36. Kf1 a5 37. Ke2 Rd6 38. Bc2 Kc4 39. Bd2 Kd4
40. Be3+ Kc3 41. Bf4 Rc6 42. Ba4 Rc4 43. Be5+ Kb4 44. Be8 Rc2+ 45. Ke3 Rxa2 46.
Bxf7 Ra3+ 47. Ke2 Kc5 48. Bxe6 b5 49. Bf6 Kd6 50. Bg8 b4 51. Bxh7 Ke6 52. Bd4
Kf5 53. Bg8 b3 54. Kd2 Ra2+ 55. Kc1 Ra4 56. Bb2 Rh4 57. Bxb3 Rxh3 58. Bc2+ Kf4
59. Bc3 Rxf3 60. Bxa5 Rxf2 61. Bxg6 Rf1+ 62. Kd2 Ke5 63. Ke2 Rf6 64. Bc3+ Ke6
65. Bc2 Kd5 66. Bb3+ Kc5 67. Bxf6 Kd6 68. Ke3 Kc5 69. Be7+ Kc6 70. Kd4 Kd7 71.
Bb4 Kc6 72. Bc4 Kd7 73. Ke5 Kc6 74. Ke6 Kb6 75. Kd6 Kb7 76. Ba5 Kc8 77. Bb5 Kb7
78. Kd7 Ka7 79. Kc7 Ka8 80. Bd7 Ka7 81. Bc8 Ka8 82. Bb7+ Ka7 83. Bb6# {Black
checkmated} 1-0

[Event "Team 45 45 League T25"]
[Site "Internet Chess Club"]
[Date "2005.01.23"]
[Round "6"]
[White "jantonio"]
[Black "bmw2002"]
[Result "1/2-1/2"]
[WhiteElo "1634"]
[BlackElo "1556"]
[TimeControl "2700+45"]

1. Nf3 Nf6 2. g3 b6 3. Bg2 Bb7 4. O-O c5 5. d3 Nc6 6. Nbd2 d5 7. c4 d4 8. Qa4
Qd7 9. Ne5 Nxe5 10. Qxd7+ Kxd7 11. Bxb7 Rd8 12. Bg2 e6 13. Nb3 Bd6 14. a4 a5 15.
Bg5 h6 16. Bxf6 gxf6 17. Nd2 f5 18. Ra3 Rdg8 19. Rb3 Bc7 20. Nf3 Ng6 21. Rc1 f6
22. e3 e5 23. Bh3 Ne7 24. exd4 exd4 25. Kf1 Ke8 26. Re1 Kf7 27. Ra3 Re8 28. Nh4
f4 29. Raa1 Ng6 30. Rxe8 Rxe8 31. Nxg6 Kxg6 32. Re1 Rxe1+ 33. Kxe1 Kg5 34. Ke2
h5 35. Kf3 fxg3 36. hxg3 f5 37. Kg2 Bd6 38. f4+ Kg6 39. Kf3 Kf6 40. Bf1 Kg6 41.
Be2 Be7 42. Kg2 Bd6 43. Kh3 Be7 44. Bf3 Bd8 45. Bc6 Kh6 {Game drawn by mutual
agreement} 1/2-1/2

[Event "Team 45 45 League T25"]
[Site "Internet Chess Club"]
[Date "2005.01.29"]
[Round "6"]
[White "SeniorCitizen"]
[Black "clarinetref"]
[Result "0-1"]
[WhiteElo "1411"]
[BlackElo "1441"]
[TimeControl "2700+45"]

1. e4 c5 2. Nf3 Nc6 3. d4 cxd4 4. Nxd4 Nxd4 5. Qxd4 Qc7 6. Nc3 a6 7. Bd3 e6 8.
O-O Qc5 9. Qxc5 Bxc5 10. Re1 Be7 11. Na4 b5 12. Nb6 Rb8 13. Nxc8 Rxc8 14. Bd2
Nf6 15. h3 O-O 16. Bg5 h6 17. Bh4 Rfe8 18. Re2 d6 19. Ree1 Nd7 20. Bxe7 Rxe7 21.
Rec1 d5 22. exd5 exd5 23. Re1 Re6 24. Bf5 Rxe1+ 25. Rxe1 Rd8 26. Bxd7 Rxd7 27.
Kf1 g6 28. Re3 Kg7 29. Rd3 Kf6 30. f3 Ke6 31. Re3+ Kd6 32. b4 Ra7 33. Kf2 d4 34.
Rd3 Kd5 35. c3 Kc4 36. Rxd4+ Kxc3 37. Re4 Rd7 {White resigns} 0-1

[Event "Team 45 45 League T25"]
[Site "Internet Chess Club"]
[Date "2005.01.20"]
[Round "6"]
[White "billarvola"]
[Black "CogitoErgoSum"]
[Result "1-0"]
[WhiteElo "2023"]
[BlackElo "1892"]
[TimeControl "2700+45"]

1. d4 d5 2. c4 c6 3. Nf3 Nf6 4. Nc3 e6 5. e3 Bd6 6. Bd3 O-O 7. O-O Nbd7 8. e4
dxe4 9. Nxe4 Nxe4 10. Bxe4 f5 11. Bc2 e5 12. c5 Bc7 13. Bb3+ Kh8 14. Ng5 Nf6 15.
dxe5 Nd5 16. Qh5 h6 17. Nf7+ Rxf7 18. Qxf7 Bxe5 19. Re1 Qf6 20. Qe8+ {Black
resigns} 1-0

[Event "Team 45 45 League T25"]
[Site "Internet Chess Club"]
[Date "2005.01.21"]
[Round "6"]
[White "pork"]
[Black "viking99"]
[Result "0-1"]
[WhiteElo "1542"]
[BlackElo "1772"]
[TimeControl "2700+45"]

1. e4 e6 2. d4 d5 3. exd5 exd5 4. Nf3 Nf6 5. Be2 Bd6 6. O-O O-O 7. Bg5 c6 8. c4
dxc4 9. Bxc4 Bg4 10. Nbd2 Nbd7 11. Re1 Qc7 12. h3 Bh5 13. Rc1 Qb6 14. Bd3 Qc7
15. Qb3 Rab8 16. Qb5 cxb5 17. Rxc7 Bxc7 18. Bxb5 a6 19. Ba4 b5 20. Bb3 Ba5 21.
Rd1 Bxd2 22. Rxd2 Ne4 23. Bf4 Nxd2 24. Nxd2 {White resigns} 0-1

[Event "Team 45 45 League T25"]
[Site "Internet Chess Club"]
[Date "2005.01.24"]
[Round "6"]
[White "KirkB"]
[Black "vvsi"]
[Result "0-1"]
[WhiteElo "1577"]
[BlackElo "1639"]
[TimeControl "2700+45"]

1. e4 c6 2. d4 d5 3. e5 c5 4. dxc5 e6 5. Be3 Nh6 6. Nf3 Nf5 7. Bd4 Qa5+ 8. c3
Nxd4 9. Qxd4 Bxc5 10. Qf4 Qb6 11. Qd2 Nc6 12. b4 Be7 13. a4 O-O 14. a5 Qc7 15.
Qf4 Bf6 16. Nd4 Bxe5 17. Qh4 Nxd4 18. Bd3 Nf5 19. Qh3 Bxc3+ 20. Nxc3 Qxc3+ 21.
Ke2 Qe5+ 22. Kd2 Qf4+ 23. Ke2 Nd4+ 24. Ke1 g6 25. g3 Qe5+ {White resigns} 0-1

[Event "Team 45 45 League T25"]
[Site "Internet Chess Club"]
[Date "2005.01.22"]
[Round "6"]
[White "Chess2Play"]
[Black "Bydlo"]
[Result "0-1"]
[WhiteElo "1699"]
[BlackElo "1905"]
[TimeControl "2700+45"]

1. d4 Nf6 2. c4 g6 3. Nc3 d5 4. Bg5 Ne4 5. Nxe4 dxe4 6. e3 Bg7 7. Qc2 Bf5 8. Ne2
c5 9. Qa4+ Bd7 10. Qc2 Nc6 11. Qxe4 Qa5+ 12. Nc3 cxd4 13. exd4 Qxg5 14. Nd5 O-O
15. Rd1 e6 16. f4 Qh4+ 17. g3 exd5 18. Qxd5 Qe7+ 19. Be2 Rad8 20. Qc5 Qe3 21.
Qa3 Qxa3 22. bxa3 Nxd4 23. Rd2 Nxe2 24. Kxe2 Bg4+ 25. Ke1 Rfe8+ {White resigns}
0-1

[Event "Team 45 45 League T25"]
[Site "Internet Chess Club"]
[Date "2005.01.22"]
[Round "6"]
[White "GoIrish"]
[Black "mitdale"]
[Result "1/2-1/2"]
[WhiteElo "1567"]
[BlackElo "1669"]
[TimeControl "2700+45"]

1. Nf3 Nf6 2. g3 d5 3. Bg2 g6 4. O-O Bg7 5. d3 O-O 6. Nbd2 c5 7. e4 dxe4 8. dxe4
Nc6 9. Re1 e5 10. Nc4 Qxd1 11. Rxd1 Nxe4 12. Nfxe5 Nxf2 13. Kxf2 Nxe5 14. Nd6
Rb8 15. Nxc8 Rfxc8 16. Bh3 Rd8 17. Bg5 Re8 18. b3 f5 19. Bf4 Rbc8 20. Rab1 Ng4+
21. Bxg4 fxg4 22. Rd7 Rf8 23. Kg2 Rf7 24. Rbd1 Bd4 25. Rxf7 Kxf7 26. c3 Bxc3 27.
Rd7+ Kg8 28. Rxb7 a5 29. Bd6 c4 30. Rc7 Rxc7 31. Bxc7 cxb3 32. axb3 Kf7 33. Bb6
Ke6 34. Kf2 h5 35. Ke3 Kf5 36. Kd3 Bb4 37. Kc4 Ke4 38. Kb5 Kf3 39. Bxa5 Bxa5 40.
Kxa5 Kg2 41. b4 Kxh2 42. b5 Kxg3 43. b6 Kh2 44. b7 g3 45. b8=Q h4 46. Qb2+ g2
47. Qe5+ Kh1 48. Qe1+ g1=Q 49. Qxh4+ Qh2 50. Qe4+ Qg2 51. Qe1+ Kh2 52. Qh4+ Qh3
53. Qf2+ Qg2 54. Qh4+ Kg1 55. Qe1+ Kh2 56. Qh4+ Qh3 57. Qf2+ Qg2 {Game drawn by
mutual agreement} 1/2-1/2

[Event "Team 45 45 League T25"]
[Site "Internet Chess Club"]
[Date "2005.01.21"]
[Round "6"]
[White "Xidnan"]
[Black "bmw2002"]
[Result "0-1"]
[WhiteElo "1476"]
[BlackElo "1564"]
[TimeControl "2700+45"]

1. d4 Nf6 2. c4 g6 3. Nc3 Bg7 4. Nf3 O-O 5. e3 d6 6. Bd3 b6 7. O-O Nbd7 8. b3
Bb7 9. Bb2 Re8 10. Qc2 Bxf3 11. gxf3 Rc8 12. Ne4 Nh5 13. Kh1 e5 14. Rg1 exd4 15.
Ng5 Ne5 16. Bxd4 Nxd3 17. Qxd3 Bf6 18. Bxf6 Qxf6 19. Ne4 Qxf3+ 20. Rg2 Rxe4 21.
Qd1 Qxd1+ 22. Rxd1 Rce8 23. Rd5 R8e5 24. Rxe5 Rxe5 25. Rg4 Nf6 26. Rd4 Ne4 27.
Kg2 Nc3 28. a3 a5 29. Rd3 Ne4 30. f3 Nc5 31. Rc3 f5 32. Kf2 Kf7 33. b4 Nb7 34.
h4 h6 35. Rd3 Kf6 36. Rd1 Nd8 37. c5 Nb7 38. c6 Nd8 39. Rxd6+ Ne6 40. Rd7 axb4
41. axb4 Rb5 42. h5 Rxb4 43. hxg6 Kxg6 44. Re7 Kf6 45. Rh7 Kg6 46. Re7 Kf6 47.
Rh7 Rh4 48. Kg3 Rh5 49. f4 Rh1 50. Kg2 Rc1 51. Rxh6+ Ke7 52. Rh5 Rc5 53. Kf3 Kd6
54. Rh6 Rxc6 55. Rf6 Rc5 56. Ke2 Ke7 57. Rh6 b5 58. Kd2 b4 59. Rh1 Rc3 60. Rh5
Rc5 61. Rh8 Rb5 62. Kc2 b3+ 63. Kb1 c5 64. Rh1 c4 65. Rc1 Rc5 66. Kb2 Nc7 {White
resigns} 0-1

[Event "Team 45 45 League T25"]
[Site "Internet Chess Club"]
[Date "2005.01.24"]
[Round "6"]
[White "clarinetref"]
[Black "chesskix"]
[Result "1-0"]
[WhiteElo "1440"]
[BlackElo "1437"]
[TimeControl "2700+45"]

1. Nf3 d5 2. c4 Nf6 3. b3 e6 4. Bb2 Be7 5. g3 O-O 6. Bg2 dxc4 7. bxc4 c5 8. O-O
Nc6 9. e3 Bd7 10. Nc3 a6 11. a3 Qc7 12. Qc2 Rad8 13. Ne2 e5 14. Rab1 g6 15. d4
Bf5 16. Qc3 Bxb1 17. Rxb1 exd4 18. exd4 cxd4 19. Nfxd4 Nxd4 20. Nxd4 Rd7 21. Bh3
Ne4 22. Qe3 f5 23. Ne6 Qxc4 24. Nxf8 Bxf8 25. Bf1 Qc2 26. Qe1 Bc5 27. Kg2 Bxf2
28. Qe2 Qxb1 29. Qc4+ Rf7 30. Qc8+ Rf8 31. Bc4# {Black checkmated} 1-0

[Event "Team 45 45 League T25"]
[Site "Internet Chess Club"]
[Date "2005.01.25"]
[Round "6"]
[White "Gomer"]
[Black "jientho"]
[Result "0-1"]
[WhiteElo "1340"]
[BlackElo "1327"]
[TimeControl "2700+45"]

1. e4 e5 2. Nf3 Nf6 3. Nc3 Bb4 4. Bd3 Nc6 5. a3 Bxc3 6. bxc3 d5 7. Qe2 O-O 8.
O-O d4 9. cxd4 Nxd4 10. Nxd4 Qxd4 11. c3 Bg4 12. Qe3 Qxe3 13. fxe3 Rad8 14. Bc2
Rfe8 15. d4 exd4 16. exd4 Nxe4 17. Rf4 Nxc3 18. Rxg4 Ne2+ 19. Kh1 Nxd4 20. Be4
f5 21. Rg3 Nc2 {White resigns} 0-1

[Event "Team 45 45 League T25"]
[Site "Internet Chess Club"]
[Date "2005.01.23"]
[Round "6"]
[White "hotzoddy"]
[Black "DayDream01"]
[Result "1-0"]
[WhiteElo "1314"]
[BlackElo "1091"]
[TimeControl "2700+45"]

1. e4 e5 2. Nc3 Nf6 3. Nf3 Nc6 4. Bb5 a6 5. Bxc6 bxc6 6. O-O Bd6 7. d3 Bb7 8.
Bd2 O-O 9. Re1 c5 10. b3 Re8 11. Bg5 Re6 12. Qd2 Qe8 13. h3 h6 14. Be3 Qe7 15.
Na4 Bc6 16. Nb2 Rb8 17. Nc4 Bb5 18. Nxd6 Rxd6 19. Bxc5 Rxd3 20. Bxe7 Rxd2 21.
Nxd2 Nh5 22. c4 Bc6 23. Nf3 d6 24. c5 Re8 25. cxd6 cxd6 26. Bxd6 f6 27. Rac1 Bb5
28. a4 Bd7 29. Rc7 Be6 30. Nd2 Nf4 31. Kh2 Bf7 32. g3 Nd3 33. Re2 Bh5 34. g4 Nf4
35. Re1 Bg6 36. Rec1 Re6 37. Rc8+ Kh7 38. R1c6 Be8 39. Rxa6 Ng6 40. a5 Bb5 41.
Rb6 Bd7 42. a6 Rxd6 43. Rxd6 Bxc8 44. a7 Bb7 45. b4 Ne7 46. b5 Nc8 47. Rd8 Nb6
48. Nb3 Bxe4 49. Nc5 Na8 50. Nxe4 {Black resigns} 1-0

[Event "Team 45 45 League T25"]
[Site "Internet Chess Club"]
[Date "2005.01.23"]
[Round "6"]
[White "Dalcon"]
[Black "slakkjaw"]
[Result "1-0"]
[WhiteElo "1140"]
[BlackElo "1244"]
[TimeControl "2700+45"]

1. e4 e5 2. Nf3 Nc6 3. Bc4 Nf6 4. d3 h6 5. O-O d6 6. c3 Bd7 7. Re1 a6 8. d4 Qe7
9. d5 Na5 10. Nbd2 Nxc4 11. Nxc4 Bb5 12. Qb3 Bxc4 13. Qxc4 Rc8 14. a4 Qd7 15.
Qb4 c5 16. Qb3 g5 17. Nd2 Be7 18. Nc4 Bd8 19. Bd2 Rb8 20. a5 Nh5 21. Qa4 Bc7 22.
Qxd7+ Kxd7 23. Nb6+ Ke7 24. g3 Rbf8 25. f3 f5 26. Rf1 g4 27. fxg4 fxg4 28. Rxf8
Kxf8 29. Rf1+ Ke8 30. Rf5 Ng7 31. Rf6 h5 32. Rh6 Rg8 33. Rh7 Bxb6 34. axb6 Kf7
35. Rh6 Ke7 36. Rg6 Kf7 37. Rxd6 Ke8 38. Bg5 Kf7 39. Rd7+ Kg6 40. Bd2 Rh8 41.
Rxb7 h4 42. d6 Ne6 43. Rd7 c4 44. Be3 hxg3 45. hxg3 Rh3 46. Bf2 Ng5 47. Kg2 Nxe4
48. b7 Rh8 49. Ba7 a5 50. b8=Q Rxb8 51. Bxb8 a4 52. Rd8 a3 53. bxa3 Nxc3 54. Rc8
e4 55. d7 {Black resigns} 1-0

[Event "Team 45 45 League T25"]
[Site "Internet Chess Club"]
[Date "2005.01.23"]
[Round "6"]
[White "bubbarook"]
[Black "mrmarck"]
[Result "0-1"]
[WhiteElo "1318"]
[BlackElo "1443"]
[TimeControl "2700+45"]

1. e4 c5 2. c3 e6 3. d4 cxd4 4. Qxd4 Nc6 5. Qa4 Nf6 6. Be3 Be7 7. Nd2 O-O 8.
Ngf3 Ng4 9. Bf4 Qb6 10. Qc2 Qxf2+ 11. Kd1 Ne3+ 12. Bxe3 Qxe3 13. Nc4 Qc5 14. Bd3
b5 15. Ncd2 b4 16. Nb3 Qh5 17. cxb4 Nxb4 18. Qe2 Nxd3 19. Qxd3 Rd8 20. a3 Bf6
21. e5 Bxe5 22. Qe4 Bxb2 23. Rb1 d5 24. Qc2 Bxa3 25. Nd4 e5 26. Qc6 Bd7 27. Qc3
Bf8 28. Ne2 d4 29. Qc7 d3 30. Ng3 Qg4 31. Kd2 Qf4+ 32. Ke1 Qe3+ 33. Kf1 Bc5
{White resigns} 0-1

[Event "Team 45 45 League T25"]
[Site "Internet Chess Club"]
[Date "2005.01.23"]
[Round "6"]
[White "NineMilly"]
[Black "houseofcook"]
[Result "1/2-1/2"]
[WhiteElo "1132"]
[BlackElo "1335"]
[TimeControl "2700+45"]

1. d4 Nf6 2. c4 g6 3. Nc3 Bg7 4. e4 d6 5. Nf3 Bg4 6. Qb3 Qc8 7. Be2 Bxf3 8. Bxf3
O-O 9. Be3 e5 10. Rd1 Nbd7 11. O-O Re8 12. d5 b6 13. Rfe1 Nc5 14. Qc2 a5 15. Nb5
a4 16. Rb1 Qa6 17. Nxc7 Qc8 18. Nxa8 Qxa8 19. Bxc5 bxc5 20. b4 Nd7 21. Bd1 Nb6
22. bxc5 Qa5 23. Re2 Qxc5 24. Rxb6 Qxb6 25. Qxa4 Rb8 26. g3 Qc5 27. Qc6 Rc8 28.
Qxc5 Rxc5 29. Bb3 Bh6 30. f3 Bc1 31. Re1 Ba3 32. Rf1 Rc8 33. f4 Bc5+ 34. Kg2 Re8
35. a4 Rb8 36. Rf3 f6 {Game drawn by mutual agreement} 1/2-1/2

[Event "Team 45 45 League T25"]
[Site "Internet Chess Club"]
[Date "2005.01.24"]
[Round "6"]
[White "EyeAm"]
[Black "SandiaCaveMan"]
[Result "0-1"]
[WhiteElo "1219"]
[BlackElo "1287"]
[TimeControl "2700+45"]

1. e4 c5 2. c4 e5 3. Nf3 Nc6 4. Nc3 d6 5. Be2 Nf6 6. d3 h6 7. O-O Be6 8. Be3 Nd4
9. Nd5 Nxe2+ 10. Qxe2 Nxd5 11. exd5 Bg4 12. h3 Bf5 13. Qc2 Bd7 14. Rab1 Be7 15.
Qd2 f5 16. Qc2 f4 17. Bd2 Bf5 18. Qa4+ Qd7 19. Qxd7+ Kxd7 20. Ne1 h5 21. f3 Bh4
22. Rd1 g5 23. g4 fxg3 24. Kg2 Rag8 25. b4 b6 26. bxc5 bxc5 27. Rb1 Rb8 28. Rxb8
Rxb8 29. Bc3 a5 30. Ba1 a4 31. Bc3 Rb7 32. Ba1 Kc8 33. Bc3 Ra7 34. Ba1 Kb7 35.
Bc3 Ka6 36. Bd2 Rb7 37. Bc3 Rb1 38. a3 Rb3 {White resigns} 0-1

[Event "Team 45 45 League T25"]
[Site "Internet Chess Club"]
[Date "2005.01.22"]
[Round "6"]
[White "Tom45"]
[Black "Prop"]
[Result "0-1"]
[WhiteElo "1142"]
[BlackElo "1294"]
[TimeControl "2700+45"]

1. e4 e5 2. Nf3 Nc6 3. Nc3 Nf6 4. Bc4 Bc5 5. O-O O-O 6. d3 d6 7. a3 a5 8. Bg5
Nd4 9. Bxf6 Qxf6 10. Nd5 Nxf3+ 11. Qxf3 Qxf3 12. gxf3 Bh3 13. Rfe1 c6 14. Ne7+
Kh8 15. Nf5 Bxf5 16. exf5 d5 17. Rxe5 Rae8 18. Rxe8 Rxe8 19. Ba2 Re2 20. Kh1
Bxf2 21. Bb3 f6 22. Rb1 b5 23. c4 bxc4 24. dxc4 d4 25. c5 Re5 26. Rf1 Bh4 27.
Rd1 Bf2 28. Kg2 Be3 29. Kh3 Rxc5 30. Kg4 g6 31. fxg6 hxg6 32. h4 Rb5 33. Rd3 c5
34. h5 gxh5+ 35. Kh3 Kg7 36. Ba4 Rxb2 37. Be8 Kh6 38. a4 Kg5 39. Rd1 c4 40. Rf1
Rf2 41. Rg1+ Kf4 42. Kh4 Rh2# {White checkmated} 0-1

[Event "Team 45 45 League T25"]
[Site "Internet Chess Club"]
[Date "2005.01.23"]
[Round "6"]
[White "Midwest-Rook"]
[Black "SilverKnight"]
[Result "1-0"]
[WhiteElo "1311"]
[BlackElo "1264"]
[TimeControl "2700+45"]

1. e4 d6 2. d4 Nf6 3. Nc3 g6 4. Nf3 Bg7 5. Be2 O-O 6. O-O c5 7. d5 e6 8. dxe6
fxe6 9. e5 Ne8 10. Bg5 Qb6 11. exd6 Qxb2 12. Na4 Qa3 13. c3 Bd7 14. Qb3 Qxa4 15.
Qxb7 Bc6 16. Qb2 Nxd6 17. Bd1 Qb5 18. Qxb5 Nxb5 19. Be7 Re8 20. Bxc5 Nxc3 21.
Bd4 Nxd1 22. Bxg7 Bxf3 23. gxf3 Kxg7 24. Raxd1 Nc6 25. Rd7+ Kg8 26. Rc1 Rac8 27.
Rd6 Nb4 28. Rxc8 Rxc8 29. Rxe6 Nxa2 30. Ra6 Ra8 31. Rxa2 a6 32. Ra5 h5 33. Kf1
Kf7 34. Ke2 Ke7 35. Kd3 Kd7 36. Kc4 Kc7 37. Kc5 Kb7 38. h4 Rf8 39. Ra3 Rf5+ 40.
Kd6 g5 41. Rb3+ Kc8 42. hxg5 Rxg5 43. Rc3+ Kb7 44. Rb3+ Rb5 45. Rc3 Rb6+ 46. Ke5
h4 47. f4 a5 48. f5 Rc6 49. Rd3 a4 50. f6 Ra6 51. f7 Ra8 52. Ra3 h3 53. Rxh3 a3
54. Rc3 a2 55. Rb3+ Kc7 56. Ra3 a1=Q+ 57. Rxa1 Rxa1 58. f8=Q Ra5+ 59. Kd4 {Black
resigns} 1-0

[Event "Team 45 45 League T25"]
[Site "Internet Chess Club"]
[Date "2005.01.24"]
[Round "6"]
[White "fuzzface"]
[Black "wojozim"]
[Result "1-0"]
[WhiteElo "1339"]
[BlackElo "1378"]
[TimeControl "2700+45"]

1. e4 d5 2. e5 Bf5 3. d4 Nd7 4. Nf3 e6 5. Bb5 a6 6. Bxd7+ Qxd7 7. c3 c5 8. Be3
Rc8 9. Nbd2 b6 10. b3 cxd4 11. Bxd4 Qc7 12. O-O Ba3 13. c4 Bd3 14. Re1 dxc4 15.
bxc4 Bxc4 16. Qa4+ Bb5 17. Qxa3 Ne7 18. Rac1 Nc6 19. Ne4 Rd8 20. Nd6+ Rxd6 21.
exd6 Qd7 22. Ne5 Nxe5 23. Bxe5 f6 24. Rc7 Qd8 25. Re7+ Kf8 26. Rc1 fxe5 27. Qf3+
Kg8 28. Qf7# {Black checkmated} 1-0

[Event "Team 45 45 League T25"]
[Site "Internet Chess Club"]
[Date "2005.01.23"]
[Round "6"]
[White "cazj"]
[Black "klt713"]
[Result "1-0"]
[WhiteElo "1322"]
[BlackElo "1219"]
[TimeControl "2700+45"]

1. e4 c5 2. c3 e6 3. d4 a6 4. Nf3 d5 5. Bd3 Nc6 6. Bf4 cxd4 7. cxd4 Be7 8. a3
Nf6 9. Nc3 O-O 10. O-O Qb6 11. Bc2 Rd8 12. Qd3 dxe4 13. Nxe4 Nxe4 14. Qxe4 g6
15. Rfd1 Nxd4 16. Nxd4 Bc5 17. Be3 Rxd4 18. Bxd4 Bxd4 19. Rxd4 Qc7 20. Rad1 f5
21. Rd8+ Kf7 22. Qd4 Qxc2 23. h3 Qc6 24. Rh8 b5 25. Rxh7+ {Black forfeits on
time} 1-0

[Event "Team 45 45 League T25"]
[Site "Internet Chess Club"]
[Date "2005.01.23"]
[Round "6"]
[White "ffplayer"]
[Black "liger"]
[Result "0-1"]
[WhiteElo "1005"]
[BlackElo "1331"]
[TimeControl "2700+45"]

1. d4 d5 2. c4 dxc4 3. Nc3 e6 4. Nf3 Nf6 5. Bg5 Be7 6. e3 O-O 7. Bxc4 b6 8. Be2
Bb7 9. O-O c5 10. dxc5 Qxd1 11. Raxd1 bxc5 12. Bxf6 Bxf6 13. Rc1 Nd7 14. h3 Rab8
15. b3 Rfd8 16. Na4 Ne5 17. Nxe5 Bxe5 18. Nxc5 Bb2 19. Rb1 Rd2 20. Bc4 Ba3 21.
Nxb7 Rxb7 22. Rbd1 Rxa2 23. Rd8+ Bf8 24. Rfd1 g6 25. R8d7 Rxd7 26. Rxd7 a5 27.
f3 Bc5 28. Rd3 a4 29. bxa4 Rxa4 30. Kh2 Rxc4 31. e4 f5 32. e5 Bd4 33. f4 h6 34.
Rg3 Kf7 35. Rf3 g5 36. g4 Rc2+ 37. Kg3 Rc3 38. Rxc3 Bxc3 39. gxf5 exf5 40. h4
Be1+ 41. Kh3 Bxh4 42. fxg5 hxg5 43. Kg2 Ke6 44. Kf3 Kxe5 45. Kg2 g4 46. Kh2 Kf4
47. Kg2 Ke3 48. Kh2 f4 49. Kg2 f3+ 50. Kf1 f2 51. Kg2 Ke2 52. Kh2 g3+ 53. Kh3
f1=Q+ 54. Kxh4 g2 {White resigns} 0-1

[Event "Team 45 45 League T25"]
[Site "Internet Chess Club"]
[Date "2005.01.22"]
[Round "6"]
[White "Calculator30"]
[Black "az2112"]
[Result "1-0"]
[WhiteElo "1602"]
[BlackElo "1744"]
[TimeControl "2700+45"]

1. e4 c5 2. Nf3 d6 3. d4 cxd4 4. Nxd4 Nf6 5. Nc3 a6 6. Bg5 e6 7. Qd2 Be7 8.
O-O-O O-O 9. f4 b5 10. Bd3 Nbd7 11. Nc6 Qe8 12. Rhe1 Bb7 13. Nxe7+ Qxe7 14. e5
dxe5 15. fxe5 b4 16. exf6 bxc3 17. Bxh7+ Kh8 18. fxg7+ {Black resigns} 1-0

[Event "Team 45 45 League T25"]
[Site "Internet Chess Club"]
[Date "2005.01.23"]
[Round "6"]
[White "GadsHill"]
[Black "qs16"]
[Result "0-1"]
[WhiteElo "1631"]
[BlackElo "1721"]
[TimeControl "2700+45"]

1. d4 Nf6 2. c4 e6 3. Nf3 b6 4. Bf4 Bb7 5. e3 Be7 6. h3 O-O 7. Nc3 d5 8. cxd5
Nxd5 9. Nxd5 Bxd5 10. Be2 Bb4+ 11. Kf1 Nd7 12. a3 Bd6 13. Bxd6 cxd6 14. Ba6 f5
15. Ke2 f4 16. Rc1 fxe3 17. fxe3 Nf6 18. Rf1 Ne4 19. Kd3 Ng3 20. Rf2 b5 21. Bxb5
Be4+ 22. Kc4 Bd5+ 23. Kb4 Rb8 24. Qa4 Qb6 25. Qa5 a6 26. Qxb6 Rxb6 27. Ka5 Rxb5+
28. Kxa6 Rb3 29. Rc7 Ra8+ 30. Ra7 Bc4+ {White resigns} 0-1

[Event "Team 45 45 League T25"]
[Site "Internet Chess Club"]
[Date "2005.01.22"]
[Round "6"]
[White "fernbap"]
[Black "hondocando"]
[Result "1-0"]
[WhiteElo "1730"]
[BlackElo "1579"]
[TimeControl "2700+45"]

1. Nf3 Nf6 2. b4 e6 3. b5 a6 4. c4 axb5 5. cxb5 c6 6. e3 Qb6 7. Qb3 cxb5 8. Qxb5
Qxb5 9. Bxb5 Ra5 10. a4 b6 11. Bb2 Be7 12. Na3 Bxa3 13. Bxa3 Ba6 14. Bb4 Bxb5
15. Bxa5 bxa5 16. axb5 d6 17. Rxa5 O-O 18. O-O Rc8 19. Ra8 Nfd7 20. Rb1 Nb6 21.
Ra7 h6 22. Kf1 e5 23. Ke1 f6 24. Nh4 Kh7 25. Nf5 Rg8 26. Nxd6 N8d7 27. Nc4 Nxc4
28. Rxd7 Rb8 29. Rc7 Na3 30. Rb3 Nxb5 31. Rc5 {Black resigns} 1-0